Map: Submarine LE

Players

Geralt (Gerald)

  • Race: Protoss Protoss
  • League: Grandmaster
  • Spawn Location: 11:00

YTYT - Winner!

  • Race: Terran Terran
  • League: Grandmaster
  • Spawn Location: 5:00

VOD

https://www.youtube.com/watch?v=fZD-9Xtqadg

Description

Time

  • Played on: June 20, 2020, 9:45 a.m.
  • Length: 10:19
Show
View Real Time Build Order
Export as new Build Order

Geralt Protoss 

Build Orders: 1 Gate Expand, Blink Stalkers, Colossus Rush 

Get SALT Encoding   

  12  0:00  Probe  
  13  0:12  Probe  
  14  0:17  Pylon  
  14  0:23  Probe  
  15  0:31  Probe  
  16  0:37  Gateway  
  16  0:39  Probe  
  16  0:46  Assimilator  
  17  0:51  Probe  
  18  1:03  Probe  
  19  1:16  Probe  
  20  1:24  Cybernetics Core  
  20  1:28  Probe  
  21  1:36  Nexus  
  21  1:43  Pylon  
  21  1:45  Probe  
  22  1:50  Assimilator  
  22  1:53  Adept  
  22  1:59  Pylon  
  23  2:05  Probe  
  25  2:08  Warp Gate  
  25  2:18  Probe  
  25  2:20  Adept  
  28  2:33  Probe  
  28  2:36  Twilight Council  
  29  2:43  Adept  
  29  2:45  Probe  
  29  2:48  Probe  
  33  2:57  Probe  
  34  3:01  Probe  
  34  3:05  Gateway  
  35  3:09  Probe  
  35  3:12  Blink  
  36  3:14  Gateway  
  37  3:20  Probe  
  37  3:21  Probe  
  38  3:31  Probe  
  38  3:32  Robotics Facility  
  38  3:33  Probe  
  40  3:45  Probe  
  40  3:46  Probe  
  42  3:50  Gateway, Assimilator  
  42  3:57  Probe  
  42  3:58  Probe, Assimilator  
  42  4:00  Stalker  
  46  4:08  Stalker  
  46  4:09  Probe  
  49  4:11  Pylon  
  49  4:13  Probe  
  49  4:16  Observer  
  50  4:21  Stalker  
  50  4:22  Probe  
  54  4:29  Probe  
  55  4:33  Robotics Bay  
  55  4:34  Pylon  
  55  4:38  Probe  
  55  4:41  Pylon  
  55  4:45  Stalker x2  
  56  4:55  Probe  
  56  4:56  Probe  
  58  5:02  Stalker  
  58  5:04  Probe  
  58  5:05  Probe  
  60  5:13  Colossus  
  62  5:16  Forge  
  60  5:24  Probe  
  60  5:25  Probe  
  68  5:30  Extended Thermal Lance  
  68  5:44  Nexus  
  68  5:46  Sentry  
  68  5:48  Probe  
  68  5:49  Sentry  
  73  5:54  Stalker  
  73  5:55  Probe  
  76  5:59  Protoss Ground Weapons Level 1  
  76  6:00  Probe  
  77  6:07  Probe  
  78  6:13  Pylon x2  
  78  6:18  Pylon  
  78  6:21  Colossus  
  78  6:31  Probe  
  85  6:33  Stalker x3  
  85  6:36  Probe  
  85  6:39  Shield Battery  
  92  6:40  Sentry  
  83  7:08  Stalker x4  
  83  7:09  Probe  
  83  7:13  Gateway x2  
  92  7:22  Pylon  
  92  7:34  Nexus  
  92  7:35  Pylon  
  92  7:40  Colossus, Zealot  
  92  7:53  Probe  
  92  7:54  Probe  
  93  7:59  Protoss Ground Armor Level 1  
  93  8:05  Probe  
  94  8:06  Probe  
  94  8:12  Stalker x3  
  101  8:16  Templar Archives  
  101  8:17  Probe  
  102  8:24  Pylon  
  102  8:31  Dark Shrine  
  102  8:32  Gateway  
  102  8:36  Disruptor  
  102  8:37  Gateway  
  102  8:42  Probe x2  
  102  8:46  Probe  
  108  8:53  Pylon  
  108  8:54  Probe x2  
  110  8:59  Probe  
  96  9:03  Zealot  
  96  9:06  Probe  
  96  9:07  Zealot  
  96  9:09  Probe  
  101  9:12  Probe  
  103  9:18  Probe  
  103  9:19  Probe  
  105  9:26  Probe  
  106  9:31  Probe  
  106  9:35  High Templar x2  
  109  9:50  Zealot x4  
  113  9:57  Archon  
  113  10:00  Zealot x2  
Show
View Real Time Build Order
Export as new Build Order

YTYT Terran - Winner!

Build Orders: Reaper Expand 

Get SALT Encoding   

  12  0:01  SCV  
  13  0:13  SCV  
  14  0:17  Supply Depot  
  14  0:25  SCV  
  15  0:38  SCV  
  15  0:40  Barracks  
  16  0:43  Refinery  
  16  0:50  SCV  
  17  1:03  SCV  
  18  1:15  SCV  
  19  1:27  Orbital Command, Reaper  
  20  1:42  Command Center  
  20  1:49  Supply Depot  
  20  1:54  SCV  
  21  1:59  Barracks Reactor  
  21  2:06  SCV  
  22  2:18  SCV  
  22  2:21  Factory  
  23  2:25  Bunker  
  23  2:30  SCV  
  23  2:35  Marine x2  
  25  2:39  Refinery  
  25  2:42  SCV  
  26  2:53  Marine x2  
  26  2:54  SCV, Orbital Command  
  29  3:06  Starport, SCV  
  29  3:07  Widow Mine  
  29  3:11  Marine x2  
  34  3:18  SCV  
  34  3:19  SCV  
  36  3:29  Marine x2, Widow Mine  
  36  3:30  SCV  
  36  3:31  SCV  
  36  3:32  Supply Depot  
  42  3:42  SCV  
  42  3:43  SCV  
  42  3:44  Medivac  
  46  3:53  Marine x2  
  46  3:54  Widow Mine  
  46  3:55  SCV  
  51  3:56  Supply Depot  
  51  3:57  SCV  
  51  3:58  Barracks  
  52  4:07  Barracks, SCV  
  52  4:09  SCV  
  54  4:17  Marine x2  
  54  4:18  Factory Tech Lab, Supply Depot  
  54  4:20  SCV, Starport Tech Lab  
  54  4:22  SCV  
  58  4:27  Engineering Bay  
  58  4:33  SCV  
  58  4:34  Refinery  
  58  4:35  SCV  
  58  4:36  Marine  
  58  4:38  Marine  
  62  4:45  SCV  
  62  4:48  SCV  
  64  4:55  Stimpack  
  64  4:56  Marauder  
  64  4:57  Starport Reactor, Factory Reactor  
  64  4:58  SCV, Terran Infantry Weapons Level 1  
  63  5:01  Marine, Supply Depot  
  63  5:04  SCV  
  65  5:08  Marauder  
  65  5:09  Combat Shield  
  65  5:13  SCV  
  68  5:18  Marauder, Marine  
  70  5:22  Supply Depot  
  70  5:23  Marine  
  70  5:28  Supply Depot  
  71  5:29  Marine  
  71  5:31  SCV x2  
  71  5:33  Widow Mine x2  
  78  5:38  Supply Depot  
  78  5:44  Medivac x2, Marauder  
  78  5:45  Supply Depot  
  78  5:46  Marine  
  78  5:48  Marine  
  88  5:50  Marauder  
  88  5:53  Refinery  
  88  5:55  Widow Mine x2  
  92  6:00  Supply Depot  
  92  6:07  Marauder  
  92  6:10  Marine  
  92  6:11  Marauder, Command Center  
  97  6:16  Medivac  
  97  6:17  SCV  
  97  6:18  SCV  
  101  6:20  Widow Mine  
  101  6:21  Widow Mine  
  101  6:22  Marine  
  101  6:23  Supply Depot  
  106  6:28  Marine x2  
  106  6:31  Concussive Shells  
  106  6:32  Supply Depot  
  110  6:33  Marauder  
  110  6:35  Medivac  
  112  6:42  SCV  
  112  6:43  Supply Depot  
  112  6:46  Marauder  
  116  6:50  SCV  
  116  6:54  Marauder  
  116  7:09  Viking  
  116  7:10  Viking  
  116  7:11  SCV  
  116  7:12  Barracks x2, SCV  
  122  7:17  Marauder  
  122  7:19  Marauder  
  122  7:20  Marine  
  127  7:26  Terran Infantry Armor Level 1  
  127  7:28  SCV  
  128  7:32  Marine  
  127  7:37  Marine  
  127  7:39  Viking, Marauder  
  127  7:43  Viking  
  132  7:45  SCV  
  132  7:48  Marauder  
  133  7:55  Orbital Command  
  129  8:00  Marauder  
  129  8:01  Barracks Tech Lab x2  
  129  8:04  SCV  
  130  8:09  Marauder  
  132  8:13  Ghost Academy  
  132  8:14  Viking, SCV  
  132  8:15  Viking  
  137  8:20  Marauder  
  137  8:22  Marauder x2  
  137  8:25  SCV  
  144  8:28  SCV  
  144  8:29  SCV, Supply Depot  
  144  8:33  Missile Turret  
  148  8:39  Missile Turret  
  148  8:45  Ghost x3  
  148  8:46  Ghost  
  148  8:48  Marine x2  
  155  8:54  Viking  
  155  9:06  Marine x2, SCV  
  155  9:08  Refinery x2  
  158  9:10  Viking  
  158  9:11  SCV, Supply Depot  
  158  9:12  Supply Depot  
  158  9:13  SCV, Supply Depot  
  158  9:14  Marauder x2, Marine  
  158  9:16  Marauder  
  165  9:25  Supply Depot  
  165  9:27  Armory  
  165  9:28  Engineering Bay  
  165  9:32  Viking, Marine x2  
  165  9:33  Marauder  
  165  9:36  Marauder, Supply Depot  
  165  9:37  Marauder, Marine  
  174  9:50  Marine  
  174  9:51  Marine  
  171  9:54  Marauder  
  171  9:55  Marauder  
  171  10:01  Marine  
Tags
 
Add a new tag
Caveats
  • Supply blocks, unpowered buildings, or Contaminate may cause inaccurate times.
  • Supply counts are checked every 10 seconds.